 Dungeon Crawl Stone Soup version 0.31-a0-744-gbc345e7fcb (webtiles) character file.

Game seed: 3150930829650280354

39 Aneyh the Poker (level 3, 0/23 HPs)
             Began as a Tengu Monk on Sept 14, 2023.
             Slain by a gnoll
             ... wielding a +0 club
              (3 damage)
             ... on level 2 of the Dungeon.
             The game lasted 00:01:05 (728 turns).

Aneyh the Poker (Tengu Monk)                         Turns: 728, Time: 00:01:06

Health: 0/23       AC:  2    Str: 19    XL:     3   Next: 47%
Magic:  4/4        EV: 13    Int: 10    God:
Gold:   59         SH:  0    Dex: 16    Spells: 2/2 levels left

rFire   . . .        a - +0 spear
rCold   . . .        (no shield)
rNeg    . . .        b - +0 robe
rPois   .            (helmet restricted)
rElec   .            (no cloak)
rCorr   .            (no gloves)
SInv    +            (boots unavailable)
Will    .....        (no amulet)
Stlth   +            e - ring of see invisible
HPRegen 0.23/turn    g - +6 ring of strength
MPRegen 0.09/turn

%: acrobat
@: no status effects
A: beak, talons 3, acrobatic
a: no special abilities


You were on level 2 of the Dungeon.
You visited 1 branch of the dungeon, and saw 2 of its levels.

You collected 59 gold pieces.

Inventory:

Hand Weapons
 a - a +0 spear (weapon)
Armour
 b - a +0 robe (worn)
 d - an orb of light
 k - a +0 chain mail
Jewellery
 e - a ring of see invisible (left hand)
 f - a ring of see invisible
 g - a +6 ring of strength (right hand)
Scrolls
 i - a scroll of revelation {unknown}
Potions
 c - a potion of ambrosia
 h - 2 potions of might {unknown}
 j - 2 potions of curing {unknown}


   Skills:
 - Level 3.2 Fighting
 + Level 4.1 Polearms
 - Level 4.0 Dodging


You had 2 spell levels left.
You didn't know any spells.
Your spell library contained the following spells:

 Spells                   Type           Power      Damage    Failure   Level
 Apportation              Tloc           0%         N/A       36%         1
 Necrotise                Necr           0%         1d4       36%         1
 Summon Small Mammal      Summ           0%         N/A       36%         1


Dungeon Overview and Level Annotations

Branches:
Dungeon (2/15)

Altars:


Innate Abilities, Weirdness & Mutations

You have a beak for a mouth.
You have claws for feet.
You can magically evade attacks while moving or waiting.


Message History

Done exploring.
No target in view!
No target in view!
No target in view!
You see here a +0 chain mail.
k - a +0 chain mail
There is a stone staircase leading down here.
You climb downwards.
There is a stone staircase leading up here.
You open the door. 2 gnolls and a giant cockroach come into view.
A gnoll is wielding a +1 vampiric spear.
You hit the giant cockroach. You claw the giant cockroach.
You kill the giant cockroach!
Training target 4.0 for Dodging reached!
Your Dodging skill increases to level 4!
The gnoll shouts!
You hear a shout! x3
A gnoll comes into view. It is wielding a +0 spear. x2
There is an open door here.
You see here a giant cockroach corpse.
You barely miss the gnoll. The gnoll completely misses you.
The gnoll misses you.
You hit the gnoll. Your peck misses the gnoll.
The gnoll is moderately wounded.
You hit the gnoll. Your kick misses the gnoll. You peck the gnoll.
The gnoll is almost dead.
The gnoll closely misses you.
You hit the gnoll but do no damage. Your kick misses the gnoll.
The gnoll is almost dead.
The gnoll hits you from afar with a +0 spear.
The gnoll hits you from afar with a +0 spear!
The gnoll hits you with a +0 club.
You are too injured to fight recklessly!
You are too injured to fight recklessly!
Unknown command.
The gnoll attacks as it pursues you! The gnoll hits you with a +0 club!
* * * LOW HITPOINT WARNING * * *
There is a stone staircase leading up here.
The gnoll hits you with a +0 club.
You die...

....... .#
........# .#
........# .#
........# .#
........# .#
........##.# #
.........#.##...#
.........g.......
#.....@g#.#....#
#.......#.g. ..#
####....#.#... #
#....#.#....#
......+.. ....
###....### ...
...... ...
#####.#


You could see 2 gnolls.

Vanquished Creatures
  A gnoll (D:1)
  A dart slug (D:1)
  A ball python (D:1)
  4 endoplasms (D:1)
  3 giant cockroaches
  2 goblins (D:1)
  2 hobgoblins (D:1)
  2 quokkas (D:1)
  2 bats (D:1)
  A frilled lizard (D:1)
  3 kobolds (D:1)
  4 rats (D:1)
26 creatures vanquished.

Notes
Turn   | Place    | Note
-------+----------+-------------------------------------------
     0 | D:1      | Aneyh the Tengu Monk began the quest for the Orb.
     0 | D:1      | Reached XP level 1. HP: 14/14 MP: 2/2
    56 | D:1      | Reached XP level 2. HP: 19/19 MP: 3/3
   173 | D:1      | Reached XP level 3. HP: 23/23 MP: 4/4
   728 | D:2      | Slain by a gnoll

Illustrated notes

Levels and vault maps discovered:
D:1:      lemuel_arrival_lava_pool, layout_basic, chequers_arboretum,
          minmay_nonomino_d4
D:2:      layout_basic, basic_altar, minmay_tall_x, uniq_jessica, uniq_natasha,
          uniq_terence

Skill      XL: |  1  2  3 |
---------------+----------+-----
Polearms       | 4 |  4.1
Dodging        | 4 |  4.0
Fighting       | |  3.2

Action                     || total
---------------------------++-------
  Melee: Spear             ||    53
         Kick              ||     9
         Peck              ||     5
   Stab: Sleeping          ||     5
 Armour: Robe              ||     7
  Dodge: Dodged            ||    20

Table legend: (Time is in decaauts)
 A = Elapsed time spent in this place.
 B = Non-inter-level travel time spent in this place.
 C = Inter-level travel time spent in this place.
 D = Time resting spent in this place.
 E = Time spent auto-exploring this place.
 F = Levels seen in this place.
 G = Mean time per level.
                   A        B        C        D        E       F      G
               +--------+--------+--------+--------+--------+-----+--------+
         Total |    722 |    700 |     22 |      0 |    567 |   2 |  361.0 |
       Dungeon |    722 |    700 |     22 |      0 |    567 |   2 |  361.0 |
               +--------+--------+--------+--------+--------+-----+--------+

Top non-repeatable levels by time:
     D:1: 712 daAuts
     D:2: 10 daAuts
